 Dungeon Crawl Stone Soup version 0.21-a0-578-gc6e9d75 (webtiles) character file.

26633 tidbits the Thaumaturge (level 13, -21/98 HPs)
             Began as a Gnoll Earth Elementalist on Dec 18, 2017.
             Was the Champion of Cheibriados.
             Killed from afar by a deep elf knight (32 damage)
             ... with an orb of energy
             ... on level 1 of the Elven Halls.
             The game lasted 01:16:30 (5509 turns).

tidbits the Thaumaturge (Gnoll Earth Elementalist)  Turns: 5509, Time: 01:16:30

Health: -21/98     AC: 19    Str: 26    XL:     13   Next: 27%
Magic:  7/26       EV: 25    Int: 36    God:    Cheibriados [******]
Gold:   2207       SH:  0    Dex: 32    Spells: 4/31 levels left

rFire    . . .     SeeInvis +   a - +2 hand axe (elec)
rCold    . . .     Gourm    .   (no shield)
rNeg     . . .     Faith    .   g - +3 ring mail {MR+}
rPois    .         Spirit   .   E - +2 helmet {SInv}
rElec    .         Reflect  .   C - +1 cloak {+Inv}
rCorr    .         Harm     .   G - +0 pair of gloves
MR       +....                  (no boots)
Stlth    +++++.....             (no amulet)
HPRegen  0.26/turn              V - +3 ring of evasion
MPRegen  0.20/turn              U - +3 ring of protection

@: very slightly contaminated, very slow
A: distributed training, fangs 1, strong nose
a: Bend Time, Temporal Distortion, Slouch, Step From Time, Renounce Religion,
Evoke Invisibility


You were on level 1 of the Elven Halls.
You worshipped Cheibriados.
Cheibriados was exalted by your worship.
You were hungry.

You visited 4 branches of the dungeon, and saw 17 of its levels.

You collected 4346 gold pieces.
You spent 2139 gold pieces at shops.

Inventory:

Hand Weapons
 a - a +2 hand axe of electrocution (weapon)
   (You took it off a wight on level 10 of the Dungeon)
 d - a +2 dagger of venom
   (You took it off an orc wizard on level 7 of the Dungeon)
 i - a +0 hand axe of distortion
   (You took it off an orc on level 1 of the Orcish Mines)
 l - a +0 broad axe
 q - a +0 hunting sling of flaming
   (You found it on level 11 of the Dungeon)
 r - the +8 rapier of Crusades {antimagic, MR+ Dex+3 SInv}
   (You found it on level 6 of the Dungeon)

   It reduces the magical energy of the wielder, and disrupts the spells and
   magical abilities of those hit.
   Natural abilities and divine invocations are not affected.
   It affects your dexterity (+3).
   It affects your resistance to hostile enchantments.
   It lets you see invisible.
 F - a +0 blowgun
 J - a +0 battleaxe of electrocution
   (You took it off an orc knight on level 2 of the Orcish Mines)
 T - a +1 vampiric war axe
   (You took it off an orc priest on level 2 of the Orcish Mines)
Missiles
 c - 3 throwing nets {!f}
 R - 81 stones
 S - 10 tomahawks
 W - 166 arrows
 X - 5 poisoned tomahawks (quivered)
 Z - 5 tomahawks of dispersal {!f}
Armour
 g - a +3 ring mail of magic resistance (worn)
   (You took it off Harold on level 12 of the Dungeon)
 B - a +1 robe of positive energy
   (You took it off an orc sorcerer on level 2 of the Orcish Mines)
 C - a +1 cloak of invisibility (worn)
   (You took it off Maurice on level 8 of the Dungeon)
 E - a +2 helmet of see invisible (worn)
   (You bought it in a shop on level 2 of the Orcish Mines)
 G - a +0 pair of gloves (worn)
 N - a cursed +0 plate armour
 P - a +0 buckler
Jewellery
 f - an uncursed ring of ice
   (You found it on level 1 of the Dungeon)
 I - an uncursed ring of see invisible
   (You found it on level 3 of the Dungeon)
 U - a +3 ring of protection (right hand)
   (You found it on level 2 of the Dungeon)
 V - a +3 ring of evasion (left hand)
   (You found it on level 6 of the Dungeon)
Wands
 s - a wand of digging (8)
 t - a wand of paralysis (1)
 L - a wand of flame (43)
 O - a wand of iceblast (9)
Scrolls
 k - a scroll of blinking
 u - 5 scrolls of identify
 w - 4 scrolls of remove curse
 A - 4 scrolls of teleportation
 D - 2 scrolls of magic mapping
 H - 4 scrolls of amnesia
 K - 3 scrolls of immolation
 M - a scroll of fear
 Y - 3 scrolls of enchant weapon
Potions
 b - 2 potions of haste {unknown}
 j - 2 potions of brilliance {unknown}
 m - a potion of degeneration {unknown}
 n - 2 potions of lignification {unknown}
 o - 3 potions of agility
 p - 5 potions of might
 x - 7 potions of curing
 y - a potion of cancellation
 z - 3 potions of flight {unknown}
Books
 h - a book of Callings
   (You found it on level 9 of the Dungeon)

   Spells                             Type                      Level
   a - Summon Small Mammal            Summoning                    1
   b - Call Imp                       Summoning                    2
   c - Call Canine Familiar           Summoning                    3
   d - Summon Guardian Golem          Hexes/Summoning              3
   e - Summon Lightning Spire         Summoning/Air                4
   f - Summon Ice Beast               Ice/Summoning                4
 Q - a book of Power
   (You found it on level 7 of the Dungeon)

   Spells                             Type                      Level
   a - Iskenderun's Battlesphere      Conjuration/Charms           5
   b - Venom Bolt                     Conjuration/Poison           5
   c - Bolt of Magma                  Conjuration/Fire/Earth       5
   d - Iron Shot                      Conjuration/Earth            6
   e - Orb of Destruction             Conjuration                  7
   f - Spellforged Servitor           Conjuration/Summoning        7
Miscellaneous
 e - a phantom mirror
Comestibles
 v - 15 rations


   Skills:
 + Level 8.0 Fighting
 + Level 8.0 Short Blades
 + Level 8.0 Long Blades
 + Level 8.0 Axes
 + Level 8.0 Maces & Flails
 + Level 8.0 Polearms
 + Level 8.0 Staves
 + Level 8.0 Slings
 + Level 8.0 Bows
 + Level 8.0 Crossbows
 + Level 8.0 Throwing
 + Level 8.0 Armour
 + Level 9.3 Dodging
 + Level 9.1 Stealth
 + Level 8.0 Shields
 + Level 8.0 Unarmed Combat
 + Level 9.5 Spellcasting
 + Level 6.6 Conjurations
 + Level 6.6 Hexes
 + Level 6.6 Charms
 + Level 6.6 Summonings
 + Level 6.6 Necromancy
 + Level 6.6 Translocations
 + Level 7.0 Transmutations
 + Level 6.6 Fire Magic
 + Level 6.6 Ice Magic
 + Level 6.6 Air Magic
 + Level 8.7 Earth Magic
 + Level 6.6 Poison Magic
 + Level 8.8 Invocations
 + Level 8.0 Evocations


You had 4 spell levels left.
You knew the following spells:

 Your Spells              Type           Power        Failure   Level  Hunger
a - Sandblast             Erth           ######       1%          1    None
b - Blink                 Tloc           N/A          1%          2    None
c - Conjure Flame         Conj/Fire      ######..     1%          3    None
m - Mephitic Cloud        Conj/Pois/Air  ######..     1%          3    None
p - Petrify               Tmut/Erth      ######..     1%          4    None
t - Stone Arrow           Conj/Erth      ######       1%          3    None
w - Passwall              Tmut/Erth      ######....   1%          2    None
D - Lee's Rapid Deconstr  Erth           ######....   2%          5    ##.....
L - Summon Lightning Spi  Summ/Air       ######..     2%          4    None


Dungeon Overview and Level Annotations

Branches:
Dungeon (13/15)            Temple (1/1) D:6             Orc (2/2) D:12
    Elf (1/3) Orc:2
   Lair: D:8-11      Vaults: D:13-14

Altars:
Ashenzari
Cheibriados
Elyvilon
Fedhas
Gozag
Hepliaklqana
Kikubaaqudgha
Makhleb
Nemelex Xobeh
Okawaru
Ru
Sif Muna
Trog
Uskayaw
Wu Jian
Yredelemnul
Zin

Shops:
D:5 [?***   D:6 *   Orc:1 (   Orc:2 [[!

Annotations:
D:3 4thArraOfDagon's ghost, amateur MiAK


Innate Abilities, Weirdness & Mutations

Your experience applies equally to all skills.
You have very sharp teeth.
Your uncanny sense of smell can sniff out nearby items.


Message History

An electric hum fills the air.
The deep elf archer shoots an arrow.
The arrow hits you! The deep elf knight barely misses you.
The fire elemental completely misses you.
The deep elf mage shouts!
Unknown command.
You catch the helpless deep elf mage completely off-guard!
You slash the deep elf mage! You bite the deep elf mage.
The deep elf mage is almost dead.
You hit the deep elf knight.
Lightning courses through the deep elf knight!
You catch the helpless fire elemental completely off-guard!
You hit the fire elemental.
The deep elf knight is engulfed in noxious fumes.
The fire elemental misses you.
The deep elf mage hits you but does no damage.
Unknown command.
You catch the helpless deep elf knight completely off-guard!
You hit the deep elf knight.
Lightning courses through the deep elf knight!
You kill the deep elf knight!
Cheibriados thoroughly appreciates the change of pace.
Your Fighting skill increases to level 8!
Your Short Blades skill increases to level 8!
Your Long Blades skill increases to level 8!
Your Axes skill increases to level 8!
Your Maces & Flails skill increases to level 8!
Your Polearms skill increases to level 8!
Your Staves skill increases to level 8!
Your Slings skill increases to level 8!
Your Bows skill increases to level 8!
Your Crossbows skill increases to level 8!
Your Throwing skill increases to level 8!
Your Armour skill increases to level 8!
Your Shields skill increases to level 8!
Your Unarmed Combat skill increases to level 8!
Your Evocations skill increases to level 8!
You catch the helpless deep elf mage completely off-guard!
You hit the deep elf mage.
You kill the deep elf mage!
Cheibriados appreciates the change of pace.
You hit the fire elemental.
You strike the helpless deep elf knight from behind!
You hit the deep elf knight.
You flicker back into view.
The deep elf knight hits you with a long sword!
The deep elf archer gestures at you while chanting.
You resist with almost no effort. The fire elemental closely misses you.
The deep elf mage casts a spell.
The deep elf mage blinks!
You miss the deep elf knight.
The deep elf knight is severely wounded.
You hit the fire elemental. The fire elemental hits you.
The fire elemental burns you!
The deep elf archer blinks!
The deep elf knight closely misses you.
You hit the deep elf knight. You punch the deep elf knight.
The deep elf knight is severely wounded.
You miss the fire elemental.
The fire elemental completely misses you.
The deep elf archer shoots an arrow.
The arrow hits you!
The deep elf knight casts a spell.
The deep elf knight seems to speed up.
The deep elf mage gestures wildly while chanting.
The deep elf mage blinks!
You hit the deep elf knight.
You bite the deep elf knight, but do no damage.
The deep elf knight is severely wounded.
You barely miss the fire elemental. The fire elemental misses you.
The deep elf knight hits you with a long sword!
* * * LOW HITPOINT WARNING * * *
Your lightning spire shoots out a bolt of lightning at the fire elemental!
The bolt of electricity hits the fire elemental.
The fire elemental resists.
The deep elf archer shoots an arrow.
The arrow completely misses you.
You barely miss the deep elf knight. Your bite misses the deep elf knight.
The deep elf knight is severely wounded.
You strike the helpless fire elemental from behind!
You hit the fire elemental.
You destroy the fire elemental!
Cheibriados thoroughly appreciates the change of pace.
The orc sorcerer seems less confused.
The deep elf mage casts a spell at you. The bolt of lightning hits you!
* * * LOW HITPOINT WARNING * * *
The deep elf knight hits you with a long sword.
* * * LOW HITPOINT WARNING * * *
The orc sorcerer points at you and mumbles some strange words.
The bolt of negative energy misses you.
The deep elf archer shoots an arrow.
The arrow hits you!
* * * LOW HITPOINT WARNING * * *
Okay, then.
Unknown command.
As you read the scroll of fear, it crumbles to dust.
You assume a fearsome visage.
The deep elf mage looks frightened!
Your lightning spire is unaffected.
The deep elf mage looks frightened!
The deep elf knight looks frightened!
The deep elf archer looks frightened!
The orc sorcerer looks frightened!
The deep elf mage casts a spell.
The deep elf mage blinks!
The deep elf knight casts a spell at you.
The orb of energy hits you!
You die...

**,,,,,,**
*********..8.....#
,,,,,,,**........##
******,*,....o....#
*,,,.........#
*,*,8.....8.(#
*,*,.....((e.#
*,*,......)..#
*,,,..(e.))@ยง#
*,*,...e..).(#
*,*,.....(8..#
*,*,8.....8..#
*,,,......e..#
***,.........#
**........## *
*..8.....# *
**,,,,,,**


You could see a deep elf archer (fleeing), a deep elf knight (fleeing), 2 deep
elf magi, an orc sorcerer (fleeing) and a friendly lightning spire.

Vanquished Creatures
  An ettin (Orc:1)
  Harold (D:12)
  3 two-headed ogres
  A tengu warrior (D:12)
  5 orc high priests
  Nergalle (D:10)
  A deep elf knight (Elf:1)
  An unseen horror (D:10)
  3 deep elf magi (Elf:1)
  An ugly thing (D:12)
  5 orc knights (Orc:2)
  3 orc sorcerers (Orc:2)
  Maurice (D:8)
  A centaur zombie (D:11)
  4 trolls
  2 hippogriffs
  A fire elemental (Elf:1)
  11 yaks
  A steam dragon (D:8)
  A hungry ghost (D:13)
  5 wargs
  A soldier ant (D:11)
  2 black bears (D:7)
  2 ice beasts
  13 orc warriors
  5 sky beasts
  3 phantoms
  9 ogres
  7 centaurs
  9 bullfrogs
  A scorpion (D:8)
  7 wights
  2 crimson imps
  A howler monkey (D:5)
  A bullfrog zombie (D:8)
  2 quasits
  6 hounds
  13 orc priests
  5 jellies
  13 orc wizards
  Crazy Yiuf (D:2)
  2 centaur skeletons
  3 iguanas
  5 worker ants
  A hound skeleton (D:10)
  16 gnolls
  5 adders
  2 shadow imps
  2 adder zombies (D:8)
  7 oozes
  2 adder skeletons (D:5)
  2 worms
  A leopard gecko (D:6)
  66 orcs
  A bat (D:2)
  6 giant cockroaches
  A goblin (D:1)
  7 hobgoblins
  13 jackals
  A quokka (D:3)
  2 ball pythons (D:2)
  3 frilled lizards
  8 kobolds
  2 quokka skeletons
  8 rats
322 creatures vanquished.

Vanquished Creatures (collateral kills)
  A tengu warrior (D:12)
  An orc sorcerer (Orc:2)
  6 yaks
  A human (D:12)
  An acid dragon (D:12)
  11 orc warriors
  An ogre (Orc:2)
  A bullfrog (D:8)
  3 killer bees (D:9)
  A wight (D:10)
  2 hounds
  7 orc priests
  7 orc wizards
  A worker ant (D:8)
  An adder (D:10)
  A shadow imp (D:11)
  25 orcs
71 creatures vanquished.

Vanquished Creatures (others)
  A deep elf knight (Elf:1)
  A deep elf mage (Elf:1)
  An ogre (Elf:1)
3 creatures vanquished.

Grand Total: 396 creatures vanquished

Notes
Turn   | Place    | Note
-------+----------+-------------------------------------------
     0 | D:1      | tidbits the Gnoll Earth Elementalist began the quest for the Orb.
     0 | D:1      | Reached XP level 1. HP: 13/13 MP: 6/6
    81 | D:1      | Reached skill level 2 in Transmutations
   102 | D:1      | Reached XP level 2. HP: 20/20 MP: 5/7
   106 | D:1      | Learned a level 2 spell: Passwall
   109 | D:2      | Found a burning altar of Makhleb.
   211 | D:1      | Reached XP level 3. HP: 19/25 MP: 1/9
   216 | D:1      | Reached skill level 5 in Spellcasting
   373 | D:2      | Found a runed door.
   377 | D:2      | Noticed Crazy Yiuf
   383 | D:2      | Killed Crazy Yiuf
   383 | D:2      | Reached skill level 1 in Fighting
   383 | D:2      | Reached skill level 1 in Short Blades
   383 | D:2      | Reached skill level 1 in Long Blades
   383 | D:2      | Reached skill level 1 in Axes
   383 | D:2      | Reached skill level 1 in Maces & Flails
   383 | D:2      | Reached skill level 1 in Polearms
   383 | D:2      | Reached skill level 1 in Staves
   383 | D:2      | Reached skill level 1 in Slings
   383 | D:2      | Reached skill level 1 in Bows
   383 | D:2      | Reached skill level 1 in Crossbows
   383 | D:2      | Reached skill level 1 in Throwing
   383 | D:2      | Reached skill level 1 in Armour
   383 | D:2      | Reached skill level 1 in Shields
   383 | D:2      | Reached skill level 1 in Unarmed Combat
   383 | D:2      | Reached skill level 1 in Invocations
   383 | D:2      | Reached skill level 1 in Evocations
   383 | D:2      | Reached XP level 4. HP: 15/32 MP: 4/11
   553 | D:2      | Reached skill level 1 in Conjurations
   553 | D:2      | Reached skill level 1 in Hexes
   553 | D:2      | Reached skill level 1 in Charms
   553 | D:2      | Reached skill level 1 in Summonings
   553 | D:2      | Reached skill level 1 in Necromancy
   553 | D:2      | Reached skill level 1 in Translocations
   553 | D:2      | Reached skill level 1 in Fire Magic
   553 | D:2      | Reached skill level 1 in Ice Magic
   553 | D:2      | Reached skill level 1 in Air Magic
   553 | D:2      | Reached skill level 1 in Poison Magic
   558 | D:2      | Learned a level 3 spell: Stone Arrow
   563 | D:2      | Learned a level 4 spell: Petrify
   692 | D:3      | Reached XP level 5. HP: 37/37 MP: 9/12
   705 | D:3      | Noticed 4thArraOfDagon's ghost (amateur MiAK)
   994 | D:3      | Reached XP level 6. HP: 40/44 MP: 13/13
  1019 | D:4      | Reached skill level 2 in Invocations
  1068 | D:4      | Found a blossoming altar of Fedhas.
  1097 | D:5      | Entered Level 5 of the Dungeon
  1119 | D:4      | Reached skill level 5 in Dodging
  1153 | D:4      | Learned a level 5 spell: Lee's Rapid Deconstruction
  1169 | D:4      | Reached skill level 2 in Fighting
  1169 | D:4      | Reached skill level 2 in Short Blades
  1169 | D:4      | Reached skill level 2 in Long Blades
  1169 | D:4      | Reached skill level 2 in Axes
  1169 | D:4      | Reached skill level 2 in Maces & Flails
  1169 | D:4      | Reached skill level 2 in Polearms
  1169 | D:4      | Reached skill level 2 in Staves
  1169 | D:4      | Reached skill level 2 in Slings
  1169 | D:4      | Reached skill level 2 in Bows
  1169 | D:4      | Reached skill level 2 in Crossbows
  1169 | D:4      | Reached skill level 2 in Throwing
  1169 | D:4      | Reached skill level 2 in Armour
  1169 | D:4      | Reached skill level 2 in Shields
  1169 | D:4      | Reached skill level 2 in Unarmed Combat
  1169 | D:4      | Reached skill level 2 in Evocations
  1328 | D:5      | Found Kuda's Assorted Antiques.
  1343 | D:5      | Reached XP level 7. HP: 31/50 MP: 15/15
  1358 | D:5      | Bought a scroll labeled YTTAMP YTOLE for 28 gold pieces
  1358 | D:5      | Bought a scroll labeled GEYCAT IREN for 28 gold pieces
  1520 | D:5      | Reached skill level 2 in Conjurations
  1520 | D:5      | Reached skill level 2 in Hexes
  1520 | D:5      | Reached skill level 2 in Charms
  1520 | D:5      | Reached skill level 2 in Summonings
  1520 | D:5      | Reached skill level 2 in Necromancy
  1520 | D:5      | Reached skill level 2 in Translocations
  1520 | D:5      | Reached skill level 2 in Fire Magic
  1520 | D:5      | Reached skill level 2 in Ice Magic
  1520 | D:5      | Reached skill level 2 in Air Magic
  1520 | D:5      | Reached skill level 2 in Poison Magic
  1553 | D:5      | Found Leykeligh's General Store.
  1595 | D:5      | Bought 2 potions of curing for 84 gold pieces
  1624 | D:6      | Reached skill level 3 in Transmutations
  1629 | D:6      | Got a fine rapier
  1630 | D:6      | Identified the +8 rapier of Crusades {antimagic, MR+ Dex+3 SInv} (You found it on level 6 of the Dungeon)
  1706 | D:6      | Found Zin's Purification Station.
  1708 | D:6      | Found a glowing silver altar of Zin.
  1727 | D:6      | Reached skill level 5 in Stealth
  1762 | D:5      | Found Wumeaham's Magic Scroll Shoppe.
  1766 | D:5      | Found Toeklaic's Assorted Antiques.
  1775 | D:5      | Reached skill level 3 in Invocations
  1802 | D:5      | Learned a level 2 spell: Blink
  1821 | D:5      | Found Todeolu's Antique Armour Emporium.
  1850 | D:5      | Reached skill level 6 in Earth Magic
  1850 | D:5      | Reached XP level 8. HP: 35/57 MP: 0/16
  1895 | D:6      | Reached skill level 3 in Fighting
  1895 | D:6      | Reached skill level 3 in Short Blades
  1895 | D:6      | Reached skill level 3 in Long Blades
  1895 | D:6      | Reached skill level 3 in Axes
  1895 | D:6      | Reached skill level 3 in Maces & Flails
  1895 | D:6      | Reached skill level 3 in Polearms
  1895 | D:6      | Reached skill level 3 in Staves
  1895 | D:6      | Reached skill level 3 in Slings
  1895 | D:6      | Reached skill level 3 in Bows
  1895 | D:6      | Reached skill level 3 in Crossbows
  1895 | D:6      | Reached skill level 3 in Throwing
  1895 | D:6      | Reached skill level 3 in Armour
  1895 | D:6      | Reached skill level 3 in Shields
  1895 | D:6      | Reached skill level 3 in Unarmed Combat
  1895 | D:6      | Reached skill level 3 in Evocations
  1942 | D:6      | Found a staircase to the Ecumenical Temple.
  1949 | Temple   | Entered the Ecumenical Temple
  1962 | Temple   | Became a worshipper of Cheibriados the Contemplative
  2083 | D:6      | Reached skill level 6 in Spellcasting
  2322 | D:7      | Found a hazy altar of Hepliaklqana.
  2329 | D:7      | Noticed a troll
  2336 | D:7      | Killed a troll
  2336 | D:7      | Reached skill level 6 in Dodging
  2336 | D:7      | Reached skill level 3 in Conjurations
  2336 | D:7      | Reached skill level 3 in Hexes
  2336 | D:7      | Reached skill level 3 in Charms
  2336 | D:7      | Reached skill level 3 in Summonings
  2336 | D:7      | Reached skill level 3 in Necromancy
  2336 | D:7      | Reached skill level 3 in Translocations
  2336 | D:7      | Reached skill level 3 in Fire Magic
  2336 | D:7      | Reached skill level 3 in Ice Magic
  2336 | D:7      | Reached skill level 3 in Air Magic
  2336 | D:7      | Reached skill level 3 in Poison Magic
  2336 | D:7      | Reached skill level 4 in Invocations
  2336 | D:7      | Reached XP level 9. HP: 65/65 MP: 18/18
  2338 | D:7      | Reached * piety under Cheibriados
  2380 | D:7      | Found an ancient bone altar of Kikubaaqudgha.
  2380 | D:7      | Found a hide-covered altar of Uskayaw.
  2452 | D:7      | Reached skill level 4 in Fighting
  2452 | D:7      | Reached skill level 4 in Short Blades
  2452 | D:7      | Reached skill level 4 in Long Blades
  2452 | D:7      | Reached skill level 4 in Axes
  2452 | D:7      | Reached skill level 4 in Maces & Flails
  2452 | D:7      | Reached skill level 4 in Polearms
  2452 | D:7      | Reached skill level 4 in Staves
  2452 | D:7      | Reached skill level 4 in Slings
  2452 | D:7      | Reached skill level 4 in Bows
  2452 | D:7      | Reached skill level 4 in Crossbows
  2452 | D:7      | Reached skill level 4 in Throwing
  2452 | D:7      | Reached skill level 4 in Armour
  2452 | D:7      | Reached skill level 4 in Shields
  2452 | D:7      | Reached skill level 4 in Unarmed Combat
  2452 | D:7      | Reached skill level 4 in Transmutations
  2452 | D:7      | Reached skill level 4 in Evocations
  2493 | D:7      | Found a deep blue altar of Sif Muna.
  2514 | D:8      | Noticed Maurice
  2525 | D:8      | Killed Maurice
  2525 | D:8      | Reached skill level 6 in Stealth
  2583 | D:9      | Found a white marble altar of Elyvilon.
  2635 | D:9      | Learned a level 4 spell: Summon Lightning Spire
  2673 | D:9      | Noticed a two-headed ogre
  2684 | D:9      | Killed a two-headed ogre
  2684 | D:9      | Reached skill level 5 in Invocations
  2684 | D:9      | Reached XP level 10. HP: 61/73 MP: 12/20
  2711 | D:9      | Reached skill level 7 in Spellcasting
  2711 | D:9      | Reached skill level 4 in Conjurations
  2711 | D:9      | Reached skill level 4 in Hexes
  2711 | D:9      | Reached skill level 4 in Charms
  2711 | D:9      | Reached skill level 4 in Summonings
  2711 | D:9      | Reached skill level 4 in Necromancy
  2711 | D:9      | Reached skill level 4 in Translocations
  2711 | D:9      | Reached skill level 4 in Fire Magic
  2711 | D:9      | Reached skill level 4 in Ice Magic
  2711 | D:9      | Reached skill level 4 in Air Magic
  2711 | D:9      | Reached skill level 4 in Poison Magic
  2747 | D:9      | Reached ** piety under Cheibriados
  2780 | D:10     | Entered Level 10 of the Dungeon
  2802 | D:10     | Reached skill level 5 in Fighting
  2802 | D:10     | Reached skill level 5 in Short Blades
  2802 | D:10     | Reached skill level 5 in Long Blades
  2802 | D:10     | Reached skill level 5 in Axes
  2802 | D:10     | Reached skill level 5 in Maces & Flails
  2802 | D:10     | Reached skill level 5 in Polearms
  2802 | D:10     | Reached skill level 5 in Staves
  2802 | D:10     | Reached skill level 5 in Slings
  2802 | D:10     | Reached skill level 5 in Bows
  2802 | D:10     | Reached skill level 5 in Crossbows
  2802 | D:10     | Reached skill level 5 in Throwing
  2802 | D:10     | Reached skill level 5 in Armour
  2802 | D:10     | Reached skill level 5 in Shields
  2802 | D:10     | Reached skill level 5 in Unarmed Combat
  2802 | D:10     | Reached skill level 5 in Evocations
  2895 | D:9      | Reached skill level 7 in Earth Magic
  2986 | D:9      | Reached skill level 7 in Dodging
  3347 | D:10     | Noticed Nergalle
  3357 | D:10     | Reached *** piety under Cheibriados
  3360 | D:10     | Reached skill level 5 in Transmutations
  3363 | D:10     | Reached skill level 6 in Invocations
  3365 | D:10     | Killed Nergalle
  3365 | D:10     | Reached skill level 7 in Stealth
  3425 | D:10     | Reached XP level 11. HP: 35/81 MP: 4/22
  3468 | D:10     | Noticed an unseen horror
  3478 | D:10     | Killed an unseen horror
  3697 | D:10     | Reached **** piety under Cheibriados
  3742 | D:11     | Reached skill level 6 in Fighting
  3742 | D:11     | Reached skill level 6 in Short Blades
  3742 | D:11     | Reached skill level 6 in Long Blades
  3742 | D:11     | Reached skill level 6 in Axes
  3742 | D:11     | Reached skill level 6 in Maces & Flails
  3742 | D:11     | Reached skill level 6 in Polearms
  3742 | D:11     | Reached skill level 6 in Staves
  3742 | D:11     | Reached skill level 6 in Slings
  3742 | D:11     | Reached skill level 6 in Bows
  3742 | D:11     | Reached skill level 6 in Crossbows
  3742 | D:11     | Reached skill level 6 in Throwing
  3742 | D:11     | Reached skill level 6 in Armour
  3742 | D:11     | Reached skill level 6 in Shields
  3742 | D:11     | Reached skill level 6 in Unarmed Combat
  3742 | D:11     | Reached skill level 6 in Evocations
  3756 | D:12     | Noticed a white ugly thing
  3792 | D:11     | Reached skill level 5 in Conjurations
  3792 | D:11     | Reached skill level 5 in Hexes
  3792 | D:11     | Reached skill level 5 in Charms
  3792 | D:11     | Reached skill level 5 in Summonings
  3792 | D:11     | Reached skill level 5 in Necromancy
  3792 | D:11     | Reached skill level 5 in Translocations
  3792 | D:11     | Reached skill level 5 in Fire Magic
  3792 | D:11     | Reached skill level 5 in Ice Magic
  3792 | D:11     | Reached skill level 5 in Air Magic
  3792 | D:11     | Reached skill level 5 in Poison Magic
  3809 | D:11     | Reached skill level 8 in Spellcasting
  3897 | D:11     | Noticed a two-headed ogre
  3906 | D:11     | Killed a two-headed ogre
  3959 | D:12     | Noticed a tengu warrior
  3970 | D:12     | Killed a tengu warrior
  3970 | D:12     | Reached skill level 8 in Dodging
  3970 | D:12     | Reached skill level 7 in Invocations
  3971 | D:12     | Noticed a tengu warrior
  3976 | D:12     | Noticed a two-headed ogre
  3977 | D:12     | Killed a tengu warrior
  4253 | D:12     | Found a staircase to the Orcish Mines.
  4258 | D:12     | Noticed Harold
  4259 | D:12     | Reached ***** piety under Cheibriados
  4273 | D:12     | Reached skill level 6 in Transmutations
  4273 | D:12     | Killed Harold
  4273 | D:12     | Reached skill level 8 in Stealth
  4273 | D:12     | Reached XP level 12. HP: 23/89 MP: 12/24
  4312 | D:12     | Killed a two-headed ogre
  4312 | D:12     | Reached skill level 8 in Earth Magic
  4332 | D:12     | Learned a level 3 spell: Mephitic Cloud
  4336 | D:12     | Learned a level 3 spell: Conjure Flame
  4430 | Orc:1    | Entered Level 1 of the Orcish Mines
  4519 | Orc:1    | Noticed an ettin
  4529 | Orc:1    | Killed an ettin
  4534 | Orc:1    | Reached skill level 7 in Fighting
  4534 | Orc:1    | Reached skill level 7 in Short Blades
  4534 | Orc:1    | Reached skill level 7 in Long Blades
  4534 | Orc:1    | Reached skill level 7 in Axes
  4534 | Orc:1    | Reached skill level 7 in Maces & Flails
  4534 | Orc:1    | Reached skill level 7 in Polearms
  4534 | Orc:1    | Reached skill level 7 in Staves
  4534 | Orc:1    | Reached skill level 7 in Slings
  4534 | Orc:1    | Reached skill level 7 in Bows
  4534 | Orc:1    | Reached skill level 7 in Crossbows
  4534 | Orc:1    | Reached skill level 7 in Throwing
  4534 | Orc:1    | Reached skill level 7 in Armour
  4534 | Orc:1    | Reached skill level 7 in Shields
  4534 | Orc:1    | Reached skill level 7 in Unarmed Combat
  4534 | Orc:1    | Reached skill level 7 in Evocations
  4593 | Orc:1    | Found Levoihoa's Weapon Shoppe.
  4703 | Orc:2    | Entered Level 2 of the Orcish Mines
  4703 | Orc:2    | Found a staircase to the Elven Halls.
  4822 | Orc:2    | Noticed an orc high priest
  4829 | Orc:2    | Killed an orc high priest
  4834 | Orc:2    | Reached skill level 6 in Conjurations
  4834 | Orc:2    | Reached skill level 6 in Hexes
  4834 | Orc:2    | Reached skill level 6 in Charms
  4834 | Orc:2    | Reached skill level 6 in Summonings
  4834 | Orc:2    | Reached skill level 6 in Necromancy
  4834 | Orc:2    | Reached skill level 6 in Translocations
  4834 | Orc:2    | Reached skill level 6 in Fire Magic
  4834 | Orc:2    | Reached skill level 6 in Ice Magic
  4834 | Orc:2    | Reached skill level 6 in Air Magic
  4834 | Orc:2    | Reached skill level 6 in Poison Magic
  4911 | Orc:2    | Reached skill level 8 in Invocations
  4913 | Orc:2    | Noticed an orc high priest
  4921 | Orc:2    | Killed an orc high priest
  4921 | Orc:2    | Reached skill level 9 in Spellcasting
  4922 | Orc:2    | Noticed an orc high priest
  4930 | Orc:2    | Killed an orc high priest
  4943 | Orc:2    | Noticed an orc high priest
  4950 | Orc:2    | Killed an orc high priest
  4960 | Orc:2    | Reached skill level 9 in Dodging
  4988 | Orc:2    | Paralysed by an orc sorcerer for 6 turns
  5026 | Orc:2    | Reached XP level 13. HP: 21/98 MP: 21/26
  5240 | Orc:2    | Found Efixurph's Distillery.
  5246 | Orc:2    | Found Ofrewn's Antique Armour Shop.
  5259 | Orc:2    | Bought a potion of agility for 52 gold pieces
  5261 | Orc:2    | Found Xapaerie's Antique Armour Shop.
  5263 | Orc:2    | Found Efucec's Magic Scroll Shoppe.
  5271 | Orc:2    | Bought a scroll of acquirement for 884 gold pieces
  5273 | Orc:2    | bought ?acq with last monies, got 3142 gold
  5273 | Orc:2    | Bought 3 scrolls of magic mapping for 178 gold pieces
  5273 | Orc:2    | Bought a scroll of identify for 34 gold pieces
  5273 | Orc:2    | Bought a scroll of identify for 34 gold pieces
  5273 | Orc:2    | Bought a scroll of remove curse for 51 gold pieces
  5273 | Orc:2    | Bought a scroll of identify for 34 gold pieces
  5273 | Orc:2    | Bought a scroll of enchant weapon for 127 gold pieces
  5273 | Orc:2    | Bought 3 scrolls of remove curse for 153 gold pieces
  5273 | Orc:2    | Bought a scroll of identify for 34 gold pieces
  5273 | Orc:2    | Bought a scroll of identify for 34 gold pieces
  5297 | Orc:2    | Bought a shiny helmet for 202 gold pieces
  5304 | Orc:2    | Bought a potion of curing for 39 gold pieces
  5304 | Orc:2    | Bought a potion of curing for 39 gold pieces
  5304 | Orc:2    | Bought a potion of cancellation for 104 gold pieces
  5389 | Orc:2    | Paralysed by an orc sorcerer for 6 turns
  5484 | Elf:1    | Entered Level 1 of the Elven Halls
  5489 | Elf:1    | Reached ****** piety under Cheibriados
  5492 | Elf:1    | Reached skill level 9 in Stealth
  5496 | Elf:1    | Reached skill level 7 in Transmutations
  5504 | Elf:1    | Reached skill level 8 in Fighting
  5504 | Elf:1    | Reached skill level 8 in Short Blades
  5504 | Elf:1    | Reached skill level 8 in Long Blades
  5504 | Elf:1    | Reached skill level 8 in Axes
  5504 | Elf:1    | Reached skill level 8 in Maces & Flails
  5504 | Elf:1    | Reached skill level 8 in Polearms
  5504 | Elf:1    | Reached skill level 8 in Staves
  5504 | Elf:1    | Reached skill level 8 in Slings
  5504 | Elf:1    | Reached skill level 8 in Bows
  5504 | Elf:1    | Reached skill level 8 in Crossbows
  5504 | Elf:1    | Reached skill level 8 in Throwing
  5504 | Elf:1    | Reached skill level 8 in Armour
  5504 | Elf:1    | Reached skill level 8 in Shields
  5504 | Elf:1    | Reached skill level 8 in Unarmed Combat
  5504 | Elf:1    | Reached skill level 8 in Evocations
  5509 | Elf:1    | Killed from afar by a deep elf knight

Vault maps used:
D:1:      dpeg_arrival_brainrot
D:2:      bloody_makhleb, mrwooster_statue_mirror, uniq_crazy_yiuf_cottage
D:3:      cheibrodos_pilgrimage, first_ration
D:4:      fedhas_altar_2
D:5:      serial_shops, shop_scrolls, nicolae_shop_crystal, shop,
          nicolae_shop_temple_entry_statues_fountains, shop
D:6:      zin_purify, kennysheep_mini, minmay_temple_entry_fiery
D:7:      lemuel_blue_sif_altar, lemuel_coloured_pillars_altar,
          nicolae_overflow_hidden_temple, serial_shops, kennysheep_mini_moat
D:8:      david_lair_shrubbed, uniq_maurice, uniq_erica
D:9:      hangedman_little_slice_of_home, grunt_decor_clamped, elyvilon_altar_5
D:10:     uniq_nergalle
D:12:     erik_orc_4, nicolae_trove_entry_columns, uniq_harold
D:13:     lightli_vaults_fourway_checkpoint
Temple:   zaba_magenta_temple
Orc:1:    serial_shops, shop
Orc:2:    st_orc_elflike
Elf:1:    elf_arrival_002, minmay_elf_crystal_hexagon, grunt_megastairs_1,
          uniq_nikola, uniq_roxanne

Skill      XL: |  1  2  3  4  5  6  7  8  9 10 11 12 13 |
---------------+----------------------------------------+-----
Transmutations | 2 3 4 5 6 7 |  7.0
Spellcasting   | 5 6 7 8 9 |  9.5
Fighting       | 1 2 3 4 5 6 7 8 |  8.0
Short Blades   | 1 2 3 4 5 6 7 8 |  8.0
Long Blades    | 1 2 3 4 5 6 7 8 |  8.0
Axes           | 1 2 3 4 5 6 7 8 |  8.0
Maces & Flails | 1 2 3 4 5 6 7 8 |  8.0
Polearms       | 1 2 3 4 5 6 7 8 |  8.0
Staves         | 1 2 3 4 5 6 7 8 |  8.0
Slings         | 1 2 3 4 5 6 7 8 |  8.0
Bows           | 1 2 3 4 5 6 7 8 |  8.0
Crossbows      | 1 2 3 4 5 6 7 8 |  8.0
Throwing       | 1 2 3 4 5 6 7 8 |  8.0
Armour         | 1 2 3 4 5 6 7 8 |  8.0
Shields        | 1 2 3 4 5 6 7 8 |  8.0
Unarmed Combat | 1 2 3 4 5 6 7 8 |  8.0
Invocations    | 1 2 3 4 5 6 7 8 |  8.8
Evocations     | 1 2 3 4 5 6 7 8 |  8.0
Conjurations   | 1 2 3 4 5 6 |  6.6
Hexes          | 1 2 3 4 5 6 |  6.6
Charms         | 1 2 3 4 5 6 |  6.6
Summonings     | 1 2 3 4 5 6 |  6.6
Necromancy     | 1 2 3 4 5 6 |  6.6
Translocations | 1 2 3 4 5 6 |  6.6
Fire Magic     | 1 2 3 4 5 6 |  6.6
Ice Magic      | 1 2 3 4 5 6 |  6.6
Air Magic      | 1 2 3 4 5 6 |  6.6
Poison Magic   | 1 2 3 4 5 6 |  6.6
Dodging        | 5 6 7 8 9 |  9.3
Stealth        | 5 6 7 8 9 |  9.1
Earth Magic    | 6 7 8 |  8.7

Action                   |  1- 3 |  4- 6 |  7- 9 | 10-12 | 13-15 || total
-------------------------+-------+-------+-------+-------+-------++-------
Melee: Dagger            |    12 |       |    39 |    88 |     1 ||   140
       Spear             |    13 |     1 |       |       |       ||    14
       Bite              |     1 |    10 |    11 |    53 |     9 ||    84
       Quarterstaff      |       |    81 |    64 |       |       ||   145
       Rapier            |       |       |    17 |    12 |       ||    29
       Punch             |       |       |       |    11 |     3 ||    14
       Hand axe          |       |       |       |   144 |    32 ||   176
Throw: Tomahawk          |       |       |       |    16 |     5 ||    21
       Stone             |       |       |       |     1 |       ||     1
 Cast: Sandblast         |    28 |    61 |    75 |    61 |       ||   225
       Passwall          |     2 |     8 |    17 |    23 |     3 ||    53
       Petrify           |       |       |     5 |    11 |     1 ||    17
       Lee's Rapid Decon |       |       |       |     8 |     2 ||    10
       Summon Lightning  |       |       |       |    33 |    10 ||    43
       Conjure Flame     |       |       |       |     3 |       ||     3
       Mephitic Cloud    |       |       |       |     2 |     2 ||     4
       Blink             |       |       |       |     2 |       ||     2
Invok: Slouch            |       |       |       |     2 |       ||     2
 Abil: Evoke Invisibilit |       |       |       |       |     1 ||     1
Evoke: Wand              |       |       |       |    74 |     5 ||    79
  Use: Scroll            |       |       |     5 |     9 |     4 ||    18
       Potion            |       |       |       |     3 |     1 ||     4
 Stab: Sleeping          |     4 |     3 |     8 |     9 |       ||    24
       Petrified         |       |       |     9 |    10 |     1 ||    20
       Paralysed         |       |       |       |    23 |       ||    23
       Distracted        |       |       |       |     6 |     1 ||     7
       Invisible         |       |       |       |       |    23 ||    23
  Eat: Chunk             |       |     1 |     5 |     7 |     1 ||    14
Armor: Robe              |     2 |    17 |    32 |    21 |     1 ||    73
       Ring mail         |       |       |       |       |    12 ||    12
Dodge: Dodged            |    23 |    52 |   123 |   295 |    64 ||   557

Table legend:
 A = Spawn XP
 B = Non-spawn XP
 C = Spawn XP percentage of total XP
 D = Spawn monster count
 E = Non-spawn monster count
 F = Spawn count percentage of total count
 G = Total turns spent on level
                    A         B        C        D         E        F      G
               +---------+---------+-------+---------+---------+-------+---------
         Total |       0 |   38048 |   0.0 |       0 |     396 |   0.0 |  5509
               +---------+---------+-------+---------+---------+-------+---------
           D:1 |       0 |      40 |   0.0 |       0 |      16 |   0.0 |   258
           D:2 |       0 |     108 |   0.0 |       0 |      21 |   0.0 |   375
           D:3 |       0 |     188 |   0.0 |       0 |      28 |   0.0 |   400
           D:4 |       0 |     162 |   0.0 |       0 |       8 |   0.0 |   232
           D:5 |       0 |     614 |   0.0 |       0 |      29 |   0.0 |   495
           D:6 |       0 |     694 |   0.0 |       0 |      24 |   0.0 |   402
           D:7 |       0 |    1166 |   0.0 |       0 |      15 |   0.0 |   341
           D:8 |       0 |    1164 |   0.0 |       0 |      20 |   0.0 |   363
           D:9 |       0 |    2621 |   0.0 |       0 |      33 |   0.0 |   450
          D:10 |       0 |    4306 |   0.0 |       0 |      32 |   0.0 |   386
          D:11 |       0 |    3273 |   0.0 |       0 |      22 |   0.0 |   286
          D:12 |       0 |    5726 |   0.0 |       0 |      33 |   0.0 |   377
          D:13 |       0 |     180 |   0.0 |       0 |       1 |   0.0 |    38
         Orc:1 |       0 |    1663 |   0.0 |       0 |      25 |   0.0 |   320
         Orc:2 |       0 |   11792 |   0.0 |       0 |      76 |   0.0 |   734
         Elf:1 |       0 |    4351 |   0.0 |       0 |      13 |   0.0 |    25
               +---------+---------+-------+---------+---------+-------+---------

Table legend:
 A = Turns spent in this place as a percentage of turns spent in the entire game.
 B = Non-inter-level travel turns spent in this place as a percentage of non-inter-level travel turns spent in the entire game.
 C = Inter-level travel turns spent in this place as a percentage of turns spent in this place.
 D = Turns resting spent in this place as a percentage of non-inter-level travel turns spent in this place.
 E = Turns spent auto-exploring this place as a percentage of non-inter-level travel turns spent in this place.
 F = Non-inter-level travel turns spent in this place divided by the number of levels of this place that you've seen.
                   A       B       C       D       E      F
               +-------+-------+-------+-------+-------+----------------------
         Total | 100.0 | 100.0 |   0.7 |   0.1 |   0.0 | 321.9
       Dungeon |  79.9 |  80.0 |   0.5 |   0.1 |   0.0 | 336.8
        Temple |   0.5 |   0.3 |  44.4 |   0.0 |   0.0 |  15.0
  Orcish Mines |  19.1 |  19.3 |   0.0 |   0.0 |   0.0 | 527.0
   Elven Halls |   0.5 |   0.5 |   0.0 |   0.0 |   0.0 |  25.0
               +-------+-------+-------+-------+-------+----------------------

Table legend:
 A = Kills in this place as a percentage of kills in entire the game.
 B = Kills by you in this place as a percentage of kills by you in the entire game.
 C = Kills by friends in this place as a percentage of kills by friends in the entire game.
 D = Other kills in this place as a percentage of other kills in the entire game.
 E = Experience gained in this place as a percentage of experience gained in the entire game.
 F = Experience gained in this place divided by the number of levels of this place that you have seen.
                   A       B       C       D       E      F
               +-------+-------+-------+-------+-------+----------------------
         Total | 100.0 | 100.0 | 100.0 | 100.0 | 100.0 | 2238.1
       Dungeon |  71.2 |  78.6 |  40.8 |   0.0 |  53.2 | 1557.1
  Orcish Mines |  25.5 |  18.3 |  59.2 |   0.0 |  35.4 | 6727.5
   Elven Halls |   3.3 |   3.1 |   0.0 | 100.0 |  11.4 | 4351.0
               +-------+-------+-------+-------+-------+----------------------

Vault maps used:
D:1:      dpeg_arrival_brainrot
D:2:      bloody_makhleb, mrwooster_statue_mirror, uniq_crazy_yiuf_cottage
D:3:      cheibrodos_pilgrimage, first_ration
D:4:      fedhas_altar_2
D:5:      serial_shops, shop_scrolls, nicolae_shop_crystal, shop,
          nicolae_shop_temple_entry_statues_fountains, shop
D:6:      zin_purify, kennysheep_mini, minmay_temple_entry_fiery
D:7:      lemuel_blue_sif_altar, lemuel_coloured_pillars_altar,
          nicolae_overflow_hidden_temple, serial_shops, kennysheep_mini_moat
D:8:      david_lair_shrubbed, uniq_maurice, uniq_erica
D:9:      hangedman_little_slice_of_home, grunt_decor_clamped, elyvilon_altar_5
D:10:     uniq_nergalle
D:12:     erik_orc_4, nicolae_trove_entry_columns, uniq_harold
D:13:     lightli_vaults_fourway_checkpoint
Temple:   zaba_magenta_temple
Orc:1:    serial_shops, shop
Orc:2:    st_orc_elflike
Elf:1:    elf_arrival_002, minmay_elf_crystal_hexagon, grunt_megastairs_1,
          uniq_nikola, uniq_roxanne
